[Event "*** Titled Tuesday Blitz"]
[Site "Chess.com"]
[Date "2018.11.06"]
[Round "6"]
[White "dmosesov"]
[Black "GasconJR"]
[Result "1-0"]
[WhiteElo "2363"]
[BlackElo "2406"]
[TimeControl "180+2"]
[EndTime "14:16:05 PST"]
[Termination "dmosesov won by resignation"]

1. e4 c5 2. Nf3 d6 3. d4 cxd4 4.
Nxd4 Nf6 5. Nc3 a6 6. Bg5 e6 7. f4 h6 8. Bh4 Qb6 9. Qd2 Qxb2 10. Rb1 Qa3 11. Bd3 Be7 12. O-O Qc5 13. Bf2 Ng4 14. Nxe6 Qa5 15. Bb6 Qa3 16. Nc7+ Kf8 17. Rb3 1-0

[Event "*** Titled Tuesday Blitz"]
[Site "Chess.com"]
[Date "2018.11.06"]
[Round "6"]
[White "PawnEatingZombie"]
[Black "SimonKnightRivendell"]
[Result "1/2-1/2"]
[WhiteElo "2108"]
[BlackElo "1970"]
[TimeControl "180+2"]
[EndTime "14:16:45 PST"]
[Termination "Game drawn by repetition"]

1. d4 d5 2. c4 e5 3. dxe5 d4 4. Nf3 Nc6 5. a3 Bg4 6. b4 Bxf3 7. exf3 Nxe5 8. f4 Ng6 9. Bd3 Nf6 10. O-O Be7 11. Ra2 O-O 12. Re2 Bd6 13. g3 c5 14. b5 Qd7 15. Rfe1 Nxf4 16. Bxf4 Bxf4 17. gxf4 Qg4+ 18. Kh1 Qf3+ 19. Kg1 Qg4+ 20. Kh1 Qf3+ 21.
Kg1 Qg4+ 22. Kh1 Qf3+ 23. Kg1 Qg4+ 24. Kh1 Qf3+ 25. Kg1 1/2-1/2

[Event "*** Titled Tuesday Blitz"]
[Site "Chess.com"]
[Date "2018.11.06"]
[Round "6"]
[White "MFBerna"]
[Black "Atanejhad"]
[Result "1-0"]
[WhiteElo "2377"]
[BlackElo "2234"]
[TimeControl "180+2"]
[EndTime "14:16:51 PST"]
[Termination "MFBerna won by checkmate"]

1. e4 Nf6 2. e5 Nd5 3. d4 d6 4. Nf3 Bg4 5. Be2 e6 6. exd6 cxd6 7. O-O Be7 8. c4 Nb6 9. Nc3 O-O 10. Be3 Nc6 11. b3 Bf6 12. h3 Bh5 13. Qd2 Qe7 14. Ne4 Bg6 15. Nxf6+ gxf6 16. a4 d5 17. a5 Nd7 18. Bh6 Rfd8 19. cxd5 Nb4 20. dxe6 fxe6 21. Bc4 Kh8 22. Rfe1 e5 23. dxe5 Nxe5 24. Nxe5 fxe5 25. Qg5 Qxg5 26. Bxg5 Nc2 27. Bf6# 1-0

[Event "*** Titled Tuesday Blitz"]
[Site "Chess.com"]
[Date "2018.11.06"]
[Round "6"]
[White "Perecke"]
[Black "FMJoseHerrera"]
[Result "0-1"]
[WhiteElo "1980"]
[BlackElo "2506"]
[TimeControl "180+2"]
[EndTime "14:17:06 PST"]
[Termination "FMJoseHerrera won by checkmate"]

1. e4 c5 2. Nf3 e6 3. c4 a6 4. Be2 Qc7 5. O-O d6 6. d4 cxd4 7. Nxd4 Nf6 8. Nc3 Nbd7 9. f4 Be7 10. Be3 b6 11. Bf3 Bb7 12. e5 dxe5 13. fxe5 Nxe5 14.
Bxb7 Qxb7 15. Qa4+ Ned7 16. Rad1 O-O 17. Nb3 Ne5 18. Nd2 Neg4 19. Bd4 Rad8 20. Nf3 Qc7 21. h3 Rxd4 22. Rxd4 Ne3 23. Re1 Nf5 24. Rdd1 Bc5+ 25. Kh1 Ng3+ 26. Kh2 Nf1+ 27. Kh1 Qh2+ 28. Nxh2 Ng3# 0-1

[Event "*** Titled Tuesday Blitz"]
[Site "Chess.com"]
[Date "2018.11.06"]
[Round "6"]
[White "Shivagami"]
[Black "Andrew-FB00"]
[Result "1-0"]
[WhiteElo "2042"]
[BlackElo "1780"]
[TimeControl "180+2"]
[EndTime "14:17:16 PST"]
[Termination "Shivagami won by resignation"]

1. d4 Nf6 2. Bf4 e6 3. e3 d5 4. Nd2 Bd6 5. Bg3 O-O 6. Ngf3 b6 7. c3 c5 8. Bd3 Bb7 9. Qe2 Nc6 10. Rd1 Qc7 11. Bh4 Be7 12. Bg3 Bd6 13. e4 Nxe4 14. Nxe4 dxe4 15. Qxe4 g6 16. Qh4 Bxg3 17. hxg3 f5 18.
Ng5 Rf7 19. Nxf7 Qxf7 20. dxc5 bxc5 21. O-O e5 22. Bc4 1-0

[Event "*** Titled Tuesday Blitz"]
[Site "Chess.com"]
[Date "2018.11.06"]
[Round "6"]
[White "WorldChampionBulletChess"]
[Black "HanSchut"]
[Result "1/2-1/2"]
[WhiteElo "2284"]
[BlackElo "2297"]
[TimeControl "180+2"]
[EndTime "14:17:28 PST"]
[Termination "Game drawn by agreement"]

1. d4 Nf6 2. c4 g6 3. Nf3 Bg7 4. g3 d5 5. cxd5 Nxd5 6. Bg2 O-O 7. O-O c5 8. e3 cxd4 9. Nxd4 Nc6 10. Nxc6 bxc6 11.
a3 Rb8 12. Qf3 Bxb2 13. Bxb2 Rxb2 14. e4 Nf6 15. Nc3 Rb3 16. Rfb1 Bg4 17. Qe3 Rxb1+ 18. Rxb1 Qa5 19. Rb7 Qxa3 20. Rxa7 Qb4 21. e5 Nd5 22.
Nxd5 Qb1+ 23. Bf1 cxd5 24. Qd4 Bh3 25. Ra1 Qf5 26. Bxh3 Qxh3 27. Qxd5 1/2-1/2

[Event "*** Titled Tuesday Blitz"]
[Site "Chess.com"]
[Date "2018.11.06"]
[Round "6"]
[White "Saitama_Hero"]
[Black "AkibaRubi"]
[Result "1-0"]
[WhiteElo "2345"]
[BlackElo "2474"]
[TimeControl "180+2"]
[EndTime "14:17:53 PST"]
[Termination "Saitama_Hero won by resignation"]

1. d4 g6 2. c4 Bg7 3. e4 d6 4. Nc3 Nf6 5. Be2 O-O 6. Be3 e5 7. d5 Bd7 8. g4 c6 9. g5 Ne8 10.
h4 cxd5 11. cxd5 f5 12. f3 Na6 13. Qd2 fxe4 14. fxe4 Nc5 15. b4 Na4 16. Nxa4 Bxa4 17. h5 Bb5 18. Bxb5 Nc7 19. Bd3 Rf7 20. hxg6 hxg6 21.
Ne2 Qf8 22. Nc3 Rf3 23. O-O-O Rc8 24. Kb2 Qe7 25. Qh2 Rxe3 26. Rdf1 1-0

[Event "*** Titled Tuesday Blitz"]
[Site "Chess.com"]
[Date "2018.11.06"]
[Round "6"]
[White "burbur555"]
[Black "Caminator2000"]
[Result "1-0"]
[WhiteElo "2547"]
[BlackElo "2319"]
[TimeControl "180+2"]
[EndTime "14:17:55 PST"]
[Termination "burbur555 won by resignation"]

1. d4 b5 2. e3 a6 3. c4 Bb7 4. Nf3 b4 5. a3 e6 6. axb4 Bxb4+ 7. Bd2 a5 8. Bxb4 axb4 9. Rxa8 Bxa8 10. Qa4 Nc6 11.
Nbd2 Nf6 12. Be2 O-O 13. O-O Qe7 14. Ra1 g6 15. Ne1 Bb7 16. Nd3 Ra8 17. Qd1 d6 18. Rxa8+ Bxa8 19. Qa4 Qd8 20. Bf3 d5 21. cxd5 Nxd5 22.
Bxd5 exd5 23. Nc5 Qb8 24. Nf3 Kg7 25. Ne1 Ne7 26. Ned3 1-0

[Event "*** Titled Tuesday Blitz"]
[Site "Chess.com"]
[Date "2018.11.06"]
[Round "6"]
[White "sere99"]
[Black "kharov2001"]
[Result "1-0"]
[WhiteElo "2313"]
[BlackElo "2205"]
[TimeControl "180+2"]
[EndTime "14:17:56 PST"]
[Termination "sere99 won by resignation"]

1. d4 Nf6 2. c4 e6 3. Nc3 Bb4 4. Qc2 c5 5. dxc5 Na6 6. a3 Bxc3+ 7.
Qxc3 Nxc5 8. b4 Nce4 9. Qd4 d5 10.
c5 b6 11. f3 bxc5 12. bxc5 Qa5+ 13. Qb4 Qxb4+ 14. axb4 Nc3 15. e3 Bd7 16. Ne2 Nb5 17. Nd4 Nxd4 18. exd4 O-O 19. b5 Rfb8 20. Ra5 Rc8 21.
Be3 Ne8 22. Kd2 Nc7 23. Bd3 Rcb8 24. Bf4 Rc8 25. Rha1 f6 26. Bxc7 Rxc7 27. b6 Rb7 28. Rxa7 Rbxa7 29. Rxa7 Rxa7 30. bxa7 Bc6 31. Bb5 Ba8 32.
c6 Kf8 33. c7 1-0

[Event "*** Titled Tuesday Blitz"]
[Site "Chess.com"]
[Date "2018.11.06"]
[Round "6"]
[White "ViktorMatviishen"]
[Black "Malev212"]
[Result "1-0"]
[WhiteElo "2473"]
[BlackElo "2604"]
[TimeControl "180+2"]
[EndTime "14:17:58 PST"]
[Termination "ViktorMatviishen won by resignation"]

1. c4 g6 2. d4 Bg7 3. Nc3 d6 4. e4 Nf6 5. Bd3 O-O 6. Nge2 e5 7. d5 a5 8. O-O Na6 9. f3 Nd7 10. Be3 Ndc5 11. Bc2 f5 12. a3 fxe4 13. fxe4 Bd7 14. Rxf8+ Qxf8 15. Qd2 a4 16. Rf1 Qe8 17. Qd1 b6 18. Nc1 Rb8 19. Nd3 Nxd3 20. Qxd3 Nc5 21. Qe2 Qe7 22. Bxc5 bxc5 23. Bxa4 Bxa4 24. Nxa4 Bh6 25.
Nc3 Rb3 26. a4 Qg5 27. a5 Qe3+ 28. Qxe3 Bxe3+ 29. Kh1 Rxb2 30. a6 Rb8 31. Nb5 Ra8 32. Ra1 Bd4 33. Ra2 1-0

[Event "*** Titled Tuesday Blitz"]
[Site "Chess.com"]
[Date "2018.11.06"]
[Round "6"]
[White "jacky72"]
[Black "BilodeauA"]
[Result "0-1"]
[WhiteElo "2700"]
[BlackElo "2845"]
[TimeControl "180+2"]
[EndTime "14:17:59 PST"]
[Termination "BilodeauA won by resignation"]

1. d4 d5 2. c4 dxc4 3. Nf3 a6 4. e3 Bg4 5. Bxc4 e6 6. h3 Bh5 7. Nc3 Nc6 8. O-O Nf6 9. Be2 Bd6 10. b3 O-O 11.
Bb2 Qe7 12. Rc1 Rfd8 13. Na4 e5 14. dxe5 Nxe5 15. Nxe5 Bxe5 16. Qc2 Bg6 17. Qc4 b5 18. Qc5 Qxc5 19. Rxc5 Bxb2 20. Nxb2 Rd2 21. Bf3 Be4 22.
Nd1 b4 23. Bxe4 Nxe4 24. Rc4 f5 25. Rxb4 Rad8 26. Rd4 R8xd4 27. exd4 Rxa2 28. Ne3 g6 29. Rc1 Nxf2 30. Rxc7 Ne4 31. Ra7 f4 32. Nd5 g5 33.
Re7 Ra1+ 34. Kh2 Ng3 35. Nxf4 gxf4 36. Re8+ Kf7 37. Re1 Rxe1 0-1

[Event "*** Titled Tuesday Blitz"]
[Site "Chess.com"]
[Date "2018.11.06"]
[Round "6"]
[White "nitpicker"]
[Black "MishkaFighter"]
[Result "0-1"]
[WhiteElo "2173"]
[BlackElo "2275"]
[TimeControl "180+2"]
[EndTime "14:18:36 PST"]
[Termination "MishkaFighter won by resignation"]

1. d4 Nf6 2. c4 g6 3. Nc3 d5 4. Nf3 Bg7 5. Qb3 dxc4 6. Qxc4 O-O 7. e4 Nc6 8. h3 e5 9. dxe5 Be6 10. Qa4 Nd7 11.
Be2 Ndxe5 12. O-O Nxf3+ 13. Bxf3 Nd4 14. Bd1 c6 15. Ne2 b5 16. Qa3 Bc4 17. Nxd4 Bxd4 18. Re1 Qf6 19. Qg3 Rfe8 20. a4 Bxb2 21. Bg5 Qg7 22. Rb1 Be5 23. f4 Bd4+ 24. Kh2 h6 25.
Bh4 g5 26. Bxg5 hxg5 27. Qxg5 Qxg5 28. fxg5 Be5+ 29. g3 Rad8 30. Bf3 Rd2+ 31. Bg2 Rd3 0-1

[Event "*** Titled Tuesday Blitz"]
[Site "Chess.com"]
[Date "2018.11.06"]
[Round "6"]
[White "AsaHoffmann"]
[Black "severomorskij"]
[Result "0-1"]
[WhiteElo "2061"]
[BlackElo "2698"]
[TimeControl "180+2"]
[EndTime "14:18:37 PST"]
[Termination "severomorskij won by checkmate"]

1. d4 Nf6 2. Bg5 d5 3. Bxf6 exf6 4. e3 Bd6 5. Bd3 O-O 6. Qf3 c6 7. Nd2 g6 8. g4 Kg7 9. Ne2 Qd7 10. h3 Na6 11. a3 c5 12. c3 cxd4 13. cxd4 Nc7 14. O-O-O b5 15. Kb1 b4 16. axb4 Bxb4 17. Nb3 Rb8 18.
Rc1 Ne6 19. h4 Qa4 20. Bc2 Ba3 21. Nc3 Qa6 22. h5 Ng5 23. h6+ Kg8 24. Qxd5 Be6 25. Qa5 Qxa5 26. Nxa5 Bxb2 27. Nc6 Bxc3+ 28. Nxb8 Rxb8+ 29. Bb3 Rxb3+ 30. Kc2 Bb4 31. Rb1 Rc3+ 32. Kd1 Bxg4+ 33.
Kd2 Ne4+ 34. Ke1 Rc1# 0-1

[Event "*** Titled Tuesday Blitz"]
[Site "Chess.com"]
[Date "2018.11.06"]
[Round "6"]
[White "TheBigBadChessDad"]
[Black "aRk_iN"]
[Result "1-0"]
[WhiteElo "2296"]
[BlackElo "2152"]
[TimeControl "180+2"]
[EndTime "14:18:43 PST"]
[Termination "TheBigBadChessDad won on time"]

1. d4 d5 2. Bf4 Nf6 3. e3 c5 4. c3 Nc6 5. Nd2 Bf5 6. Qb3 Qc8 7. Ngf3 e6 8. h3 h6 9. Ne5 Nd7 10. Nxd7 Qxd7 11. Be2 Be7 12. O-O O-O 13. Rac1 Rfc8 14. a3 a6 15. dxc5 Bxc5 16. Rfd1 b5 17. e4 dxe4 18.
Nxe4 Qa7 19. Nxc5 Qxc5 20. Bf3 Qb6 21. Rd6 1-0

[Event "*** Titled Tuesday Blitz"]
[Site "Chess.com"]
[Date "2018.11.06"]
[Round "6"]
[White "xamax2000"]
[Black "Alohamora11"]
[Result "1-0"]
[WhiteElo "2489"]
[BlackElo "2320"]
[TimeControl "180+2"]
[EndTime "14:18:48 PST"]
[Termination "xamax2000 won by resignation"]

1. e4 c5 2. Nf3 g6 3. d4 cxd4 4. Nxd4 Bg7 5. c4 Nc6 6. Be3 Nf6 7. Nc3 O-O 8. Be2 d6 9. O-O Bd7 10. h3 Nxd4 11. Bxd4 Bc6 12. Qc2 a5 13. Rad1 Nd7 14.
Bxg7 Kxg7 15. Bg4 Ne5 16. c5 Nxg4 17. hxg4 Qc8 18. cxd6 Qxg4 19. dxe7 Rfe8 20. Nd5 Bxd5 21. exd5 Rxe7 22. d6 Rd7 23. Rd5 Rad8 24. Rfd1 Qe6 25. Qc5 a4 26. Qd4+ Qf6 27. Qb4 Kg8 28. R1d3 Kg7 29.
Rf3 Qe6 30. Qd4+ Kg8 31. Re3 Rxd6 32. Rxe6 Rxd5 33. Re8+ Rxe8 34. Qxd5 g5 35. Qxg5+ 1-0

[Event "*** Titled Tuesday Blitz"]
[Site "Chess.com"]
[Date "2018.11.06"]
[Round "6"]
[White "ahachess"]
[Black "HaryKane"]
[Result "0-1"]
[WhiteElo "2371"]
[BlackElo "2565"]
[TimeControl "180+2"]
[EndTime "14:18:53 PST"]
[Termination "HaryKane won by checkmate"]

1. d4 e6 2. c4 f5 3. Nc3 Nf6 4. Nf3 Bb4 5. g3 O-O 6. Bg2 d6 7. O-O Bxc3 8. bxc3 Nc6 9. Qc2 Na5 10. Nd2 e5 11. Rd1 Qe8 12. e3 e4 13. Ba3 b6 14.
c5 Qd7 15. Bf1 Bb7 16. Rab1 Rfd8 17. Nb3 Nxb3 18. axb3 Bd5 19. c4 Bf7 20. cxd6 cxd6 21.
Qd2 Rac8 22. Qb4 h5 23. Bb2 h4 24. Be2 Bh5 25. Bxh5 Nxh5 26. Ra1 h3 27. d5 f4 28.
exf4 Qg4 29. Qd2 Qf3 30. Kf1 Nxg3+ 31. Ke1 Qh1# 0-1

[Event "*** Titled Tuesday Blitz"]
[Site "Chess.com"]
[Date "2018.11.06"]
[Round "6"]
[White "Lagmantr"]
[Black "Muisback26"]
[Result "0-1"]
[WhiteElo "2509"]
[BlackElo "2801"]
[TimeControl "180+2"]
[EndTime "14:18:57 PST"]
[Termination "Muisback26 won by resignation"]

1. e4 c5 2. Nf3 Nc6 3. d4 cxd4 4. Nxd4 Nf6 5. Nc3 e5 6. Ndb5 d6 7.
Bg5 a6 8. Na3 Be6 9. Nc4 Rb8 10.
Ne3 Be7 11. Bxf6 Bxf6 12. Ncd5 Bg5 13. Be2 O-O 14. O-O g6 15. Qd3 Kh8 16. Rad1 Bh6 17.
c3 f5 18. Kh1 Qh4 19. exf5 gxf5 20. Nc7 Bc8 21. Qxd6 f4 22. Nc4 f3 23. g3 fxe2 24. gxh4 Bg4 25. Nxe5 Nxe5 26. Qxe5+ Bg7 27. Qd4 Bxd4 0-1

[Event "*** Titled Tuesday Blitz"]
[Site "Chess.com"]
[Date "2018.11.06"]
[Round "6"]
[White "EvgenyT"]
[Black "nearestway"]
[Result "1-0"]
[WhiteElo "2934"]
[BlackElo "2532"]
[TimeControl "180+2"]
[EndTime "14:19:00 PST"]
[Termination "EvgenyT won by resignation"]

1. c4 c5 2. Nf3 Nf6 3. Nc3 e6 4. g3 b6 5. Bg2 Bb7 6. O-O Be7 7. Re1 d5 8. cxd5 Nxd5 9. d4 cxd4 10. Qa4+ Bc6 11. Qxd4 Nxc3 12. Qxc3 O-O 13. Bf4 Bf6 14. Be5 Bxe5 15. Nxe5 Bxg2 16. Kxg2 Qe7 17. Red1 Na6 18. Rac1 Qb7+ 19. Qf3 Qxf3+ 20. Kxf3 f6 21. Nc6 Rf7 22. Rd6 Re8 23. Nd4 Rfe7 24. a3 e5 25. Nf5 Rb7 26. b4 Nb8 27. Rcd1 g6 28. Rd8 Rxd8 29. Rxd8+ 1-0

[Event "*** Titled Tuesday Blitz"]
[Site "Chess.com"]
[Date "2018.11.06"]
[Round "6"]
[White "EphiphanyLord"]
[Black "PelinGorki"]
[Result "0-1"]
[WhiteElo "2574"]
[BlackElo "2631"]
[TimeControl "180+2"]
[EndTime "14:19:05 PST"]
[Termination "PelinGorki won by checkmate"]

1. e4 d6 2. d4 Nf6 3. Nc3 c6 4. Nf3 Bg4 5. Be3 e6 6. Be2 d5 7. exd5 cxd5 8. Ne5 Bxe2 9. Qxe2 a6 10. O-O Bd6 11.
f4 Nbd7 12. a4 O-O 13. Rae1 Rc8 14. Kh1 Bb4 15. f5 Bxc3 16. bxc3 Ne4 17. c4 Nxe5 18.
dxe5 Rxc4 19. f6 g6 20. Qf3 Qc7 21. Bf4 Rxc2 22. Qh3 h5 23. Qh4 Qc5 24. Be3 Qa3 25. Rf3 Rfc8 26. Qf4 R8c3 27. h4 Qf8 28. Rb1 b5 29.
axb5 axb5 30. Rxb5 Ra2 31. Rb1 Rcc2 32. Qh6 Qxh6 33.
Bxh6 Rxg2 34. Rb8+ Kh7 35. Bg7 Rh2+ 36. Kg1 Rag2+ 37.
Kf1 Nd2+ 38. Ke1 Nxf3+ 39. Kd1 Rg1# 0-1

[Event "*** Titled Tuesday Blitz"]
[Site "Chess.com"]
[Date "2018.11.06"]
[Round "6"]
[White "Kawhi_Leonard2"]
[Black "ddtru"]
[Result "0-1"]
[WhiteElo "2283"]
[BlackElo "2312"]
[TimeControl "180+2"]
[EndTime "14:19:21 PST"]
[Termination "ddtru won by resignation"]

1. e4 c5 2. Nf3 e6 3. d4 cxd4 4. Nxd4 Nc6 5. Nc3 Qc7 6. Be2 a6 7. O-O Nf6 8. Be3 b5 9. Nxc6 dxc6 10. Bd3 e5 11. a4 Bb7 12. axb5 axb5 13. Rxa8+ Bxa8 14. Qa1 Bb7 15. Qa7 Be7 16. Nxb5 cxb5 17. Bxb5+ Kf8 18.
Bb6 Qc8 19. f3 g6 20. c4 Kg7 21. c5 Nd7 22. b4 Nb8 23. Bc4 Nc6 24. Qa3 Qa8 25.
Qb3 Nd4 26. Qb2 Qa4 27. Ra1 Qd7 28. b5 Ra8 29. c6 Rxa1+ 30. Qxa1 Nxc6 31. bxc6 Qxc6 32. Qa7 Qxc4 33. Qxb7 Qc1+ 34. Kf2 Qb2+ 35. Kg3 Bc5 0-1

[Event "*** Titled Tuesday Blitz"]
[Site "Chess.com"]
[Date "2018.11.06"]
[Round "6"]
[White "matiss90"]
[Black "Federtiu"]
[Result "0-1"]
[WhiteElo "2420"]
[BlackElo "2623"]
[TimeControl "180+2"]
[EndTime "14:19:23 PST"]
[Termination "Federtiu won by resignation"]

1. e4 e5 2. Nf3 Nc6 3. Bb5 g6 4. d4 exd4 5. c3 Bg7 6. Bg5 Nge7 7. cxd4 a6 8. Bc4 h6 9. Bh4 b5 10. Bb3 O-O 11. Nc3 d6 12. h3 Bb7 13. O-O Re8 14.
Re1 Na5 15. Bc2 c5 16. Nd5 g5 17. Nxe7+ Qxe7 18. Bg3 Nc4 19. b3 Na3 20. Bd3 c4 21. bxc4 bxc4 22. Bf1 Bxe4 23. Nd2 d5 24. f3 Bxd4+ 25. Kh2 Bxa1 26. fxe4 Be5 27. Bxe5 Qxe5+ 28. Kh1 Rad8 29. Nf3 Qc3 30. e5 d4 31. Re4 d3 32.
Rg4 Qc2 33. Qe1 d2 34. Qg3 d1=Q 35. Nxg5 Qxf1+ 36. Kh2 Qcxg2+ 37. Qxg2 Qxg2+ 38. Rxg2 hxg5 0-1

[Event "*** Titled Tuesday Blitz"]
[Site "Chess.com"]
[Date "2018.11.06"]
[Round "6"]
[White "Quiet_Desperation"]
[Black "Mbneu"]
[Result "1-0"]
[WhiteElo "2335"]
[BlackElo "2271"]
[TimeControl "180+2"]
[EndTime "14:19:24 PST"]
[Termination "Quiet_Desperation won by resignation"]

1. e4 c5 2. d4 cxd4 3. c3 Nf6 4.
e5 Nd5 5. Nf3 Nc6 6. Bc4 Nb6 7.
Bb3 d5 8. cxd4 Bf5 9. Be3 e6 10.
O-O Be7 11. h3 O-O 12. Nc3 Na5 13. Bc2 Bxc2 14. Qxc2 Rc8 15. Rac1 Nbc4 16. Nd2 f5 17. Nxc4 Nxc4 18. b3 Na3 19. Qb2 f4 20. Bd2 f3 21. g3 Qe8 22. Na4 Qh5 23. Kh2 Nb5 24. Nc5 Bxc5 25. Rxc5 Rxc5 26. dxc5 a6 27. a4 Na7 28. b4 Nc6 29. Bc3 d4 30. Bxd4 Rd8 31. Bc3 Rd3 32. b5 axb5 33. axb5 Ne7 34. c6 bxc6 35. b6 Qe8 36. b7 Qb8 37. Ra1 Rxc3 38. Ra8 1-0

[Event "*** Titled Tuesday Blitz"]
[Site "Chess.com"]
[Date "2018.11.06"]
[Round "6"]
[White "dreamist"]
[Black "Bykov_Egor"]
[Result "0-1"]
[WhiteElo "2670"]
[BlackElo "2545"]
[TimeControl "180+2"]
[EndTime "14:19:33 PST"]
[Termination "Bykov_Egor won by resignation"]

1. c4 Nf6 2. d4 e6 3. Nc3 Bb4 4. Qc2 O-O 5. e4 d5 6. e5 Ne4 7. Bd3 c5 8. cxd5 exd5 9. Ne2 Nc6 10. O-O cxd4 11. Nxe4 dxe4 12. Bxe4 Nxe5 13. Bxh7+ Kh8 14. Rd1 d3 15. Bxd3 Nxd3 16. Rxd3 Bf5 17. Rxd8 Raxd8 18. Qb3 Be6 19. Bg5 Bxb3 20. Bxd8 Bc4 21. Bg5 Bxe2 22. Rc1 f6 23. Be3 Rd8 24. Bxa7 Rd1+ 25. Rxd1 Bxd1 26.
f3 Kg8 27. Kf2 Kf7 28. Ke3 Bc2 29.
Bd4 Bb1 30. a3 Bd6 31. h4 Bg3 32. h5 Bf5 33. a4 Bd7 34. a5 Bb5 35. f4 Bc6 36. b4 Be1 37. g4 Bxb4 38. Bb6 Bd7 39.
g5 Bg4 40. gxf6 Kxf6 41. Bd8+ Kf5 42. Kd4 Bxh5 43. Bc7 Be2 44. Ke3 Bb5 0-1

[Event "*** Titled Tuesday Blitz"]
[Site "Chess.com"]
[Date "2018.11.06"]
[Round "6"]
[White "1random"]
[Black "Fy_Rakotomaharo"]
[Result "0-1"]
[WhiteElo "2483"]
[BlackElo "2414"]
[TimeControl "180+2"]
[EndTime "14:19:40 PST"]
[Termination "Fy_Rakotomaharo won by checkmate"]

1. e4 e5 2. Nf3 Nc6 3. Nc3 Nf6 4. d4 Bb4 5. Nxe5 Nxe4 6. Qg4 Nxc3 7. Qxg7 Rf8 8. a3 Nxd4 9. axb4 Nxc2+ 10. Kd2 Nxa1 11. Kxc3 a5 12. Bc4 axb4+ 13. Kxb4 d5 14. Re1 Be6 15. Bg5 Qd6+ 16. Kc3 dxc4 17. Nxf7 Qd3+ 18. Kb4 Qb3+ 19. Kc5 Qb6# 0-1

[Event "*** Titled Tuesday Blitz"]
[Site "Chess.com"]
[Date "2018.11.06"]
[Round "6"]
[White "NTBT_DHS"]
[Black "dretch"]
[Result "1-0"]
[WhiteElo "2753"]
[BlackElo "2770"]
[TimeControl "180+2"]
[EndTime "14:19:45 PST"]
[Termination "NTBT_DHS won on time"]

1. d4 d5 2. c4 c6 3. Nf3 Nf6 4. e3 Bf5 5. Nc3 e6 6. Nh4 Bg6 7. Be2 Nbd7 8. g3 Nb6 9. c5 Nbd7 10.
b4 Ne4 11. Nxe4 Bxe4 12. f3 g5 13. fxe4 gxh4 14. exd5 exd5 15. Qc2 Qc7 16. gxh4 Be7 17. Qf5 Bxh4+ 18. Kd1 Nf6 19. Rf1 Rg8 20. e4 Qxh2 21.
e5 Rg2 22. Bf4 Bg3 23. Bxg3 Qxg3 24. Qxf6 Qe3 25. Qxf7+ Kd8 26. Qf8+ 1-0

[Event "*** Titled Tuesday Blitz"]
[Site "Chess.com"]
[Date "2018.11.06"]
[Round "6"]
[White "Boorchess"]
[Black "Orest_Vovk"]
[Result "1-0"]
[WhiteElo "2445"]
[BlackElo "2414"]
[TimeControl "180+2"]
[EndTime "14:19:54 PST"]
[Termination "Boorchess won by resignation"]

1. e4 g5 2. Nc3 Bg7 3. d3 h6 4. Nge2 c5 5. Ng3 d6 6. Nh5 Be5 7. h4 g4 8. Nd5 Nc6 9. c3 Be6 10. Ndf4 Bd7 11. Be2 Qc8 12. Be3 Nf6 13. d4 Bxf4 14.
Nxf6+ exf6 15. Bxf4 cxd4 16. cxd4 Qc7 17. Rc1 Qa5+ 18.
Kf1 Ke7 19. a3 Rac8 20. Kg1 Qb6 21. Bxg4 Bxg4 22. Qxg4 Nxd4 23. Rxc8 f5 24. exf5 Rxc8 25. f6+ Kxf6 26. Bg5+ hxg5 27. hxg5+ Ke7 28. Qxc8 Qxb2 29.
Qc7+ Ke6 30. Rh6+ Kf5 31. Qxf7+ Ke4 32. Qg6+ Kd5 33. Qxd6+ Kc4 34. Qb4+ Qxb4 35. axb4 Kxb4 36. g6 Ne6 37. Rh7 Kc5 38. Rxb7 a5 39. Re7 1-0

[Event "*** Titled Tuesday Blitz"]
[Site "Chess.com"]
[Date "2018.11.06"]
[Round "6"]
[White "Alex_Banzea"]
[Black "Makalexa"]
[Result "1-0"]
[WhiteElo "2319"]
[BlackElo "2120"]
[TimeControl "180+2"]
[EndTime "14:19:55 PST"]
[Termination "Alex_Banzea won by resignation"]

1. e4 e5 2. Nf3 Nc6 3. Bb5 a6 4. Ba4 Nf6 5. O-O b5 6. Bb3 Be7 7. Re1 O-O 8. c3 Bb7 9. d4 d6 10. Nbd2 Nd7 11. d5 Na5 12. Bc2 c5 13. b3 Bc8 14. c4 Nb6 15. Bd3 f5 16. exf5 Bxf5 17.
Bxf5 Rxf5 18. Qc2 Rf7 19. Bb2 Qf8 20. Bc3 Nb7 21. Qd3 b4 22. Bb2 Nd7 23. Ne4 h6 24. a3 a5 25. a4 g5 26. Bc1 Nd8 27. Be3 Rg7 28. Ng3 g4 29. Nd2 Bf6 30. Nde4 Be7 31. Bxh6 Nf7 32. Bxg7 Qxg7 33. Nf5 Qf8 34. Qg3 Nf6 35.
Nxf6+ Bxf6 36. Qxg4+ Bg7 37. Re3 Ra7 38. Nxg7 Qxg7 39.
Qc8+ Kh7 40. Rg3 Ng5 41. Qf5+ Kh6 42. h4 Qe7 43. Rxg5 1-0

[Event "*** Titled Tuesday Blitz"]
[Site "Chess.com"]
[Date "2018.11.06"]
[Round "6"]
[White "twitchTriniCupid"]
[Black "colegiodemadrid"]
[Result "0-1"]
[WhiteElo "2241"]
[BlackElo "2233"]
[TimeControl "180+2"]
[EndTime "14:19:56 PST"]
[Termination "colegiodemadrid won by resignation"]

1. d4 Nf6 2. c4 g6 3. Nc3 d5 4. Nf3 Bg7 5. h4 c6 6. cxd5 cxd5 7. Qb3 O-O 8. h5 Nxh5 9. Nxd5 Nc6 10. Bg5 Be6 11. e4 Bxd5 12. Qxd5 Qxd5 13. exd5 Nb4 14. O-O-O Nxd5 15. Kb1 Nhf6 16. Bc4 e6 17. Ne5 Ne4 18.
Bh4 g5 19. Bg3 Nxg3 20. fxg3 Ne3 21. Rc1 Bxe5 22. dxe5 Rac8 23. Bd3 Rxc1+ 24. Kxc1 h6 25. Be4 b6 26. Rxh6 Rc8+ 27. Kd2 Nc4+ 28. Ke2 Nxe5 29. Rh5 f6 30. Rh1 f5 31. Bd3 Nxd3 32. Kxd3 Kg7 33. g4 f4 34. b3 Rc5 35. Ke4 Rc2 36. Ke5 Re2+ 37. Kd6 e5 38. Ke6 e4 39. Kf5 Rxg2 40. Kxg5 f3 41. Kf4 Re2 42. Rd1 f2 43. Rf1 e3 44. Kf3 Re1 45. Kg2 Rxf1 0-1

[Event "*** Titled Tuesday Blitz"]
[Site "Chess.com"]
[Date "2018.11.06"]
[Round "6"]
[White "TastyFrenchFries"]
[Black "Slovak_fighter2000"]
[Result "0-1"]
[WhiteElo "2376"]
[BlackElo "2301"]
[TimeControl "180+2"]
[EndTime "14:19:57 PST"]
[Termination "Slovak_fighter2000 won by resignation"]

1. Na3 e5 2. Nh3 d5 3. g3 h5 4. Bg2 h4 5. d3 hxg3 6. hxg3 Be6 7. c4 Bb4+ 8. Bd2 Bxd2+ 9. Qxd2 Qd7 10. Ng5 Rxh1+ 11. Bxh1 Ne7 12. Nxe6 Qxe6 13. Qa5 Qb6 14. Qxb6 axb6 15. cxd5 Na6 16. Nb5 Kd7 17. Rc1 Rh8 18.
Bg2 c6 19. dxc6+ bxc6 20. Nc3 f5 21. a3 Nc5 22. b4 Ne6 23. e3 g5 24. a4 g4 25. Ke2 f4 26. gxf4 exf4 27. Be4 f3+ 28.
Kd2 Rh2 29. Rf1 Ng5 30. Nd1 Nxe4+ 31. dxe4 g3 32. Rg1 g2 33. e5 Rh1 34. Rxh1 0-1

[Event "*** Titled Tuesday Blitz"]
[Site "Chess.com"]
[Date "2018.11.06"]
[Round "6"]
[White "ShadyH9"]
[Black "AttackSparrow"]
[Result "0-1"]
[WhiteElo "2272"]
[BlackElo "2216"]
[TimeControl "180+2"]
[EndTime "14:19:58 PST"]
[Termination "AttackSparrow won by resignation"]

1. d4 Nf6 2. c4 e6 3. Nf3 d5 4. g3 dxc4 5. Bg2 a6 6. O-O Nc6 7. Nc3 Be7 8. Bg5 O-O 9. e3 Rb8 10.
Nd2 Na5 11. Qa4 c5 12. Bxf6 Bxf6 13. dxc5 Qxd2 14. Qxa5 Qxb2 15. Rac1 Bd7 16. Ne4 Be7 17. Rfd1 Bc6 18. Nd6 Bxg2 19. Kxg2 Rfd8 20. Nxc4 Qf6 21.
Nd6 Qg5 22. Rb1 Bxd6 23. f4 Qf5 24. Rxb7 Qe4+ 25. Kh3 Qxb7 26. cxd6 Rd7 0-1